 Dungeon Crawl Stone Soup version 0.30-a0-187-gd9c2deaf24 (webtiles) character file.

Game seed: 14077303730559576256

7 Flugkiller the Sneak (level 1, 0/18 HPs)
             Began as a Mummy Delver on Oct 3, 2022.
             Killed from afar by a dart slug (1 damage)
             ... with a slug dart
             ... on level 2 of the Dungeon.
             The game lasted 00:00:24 (246 turns).

Flugkiller the Sneak (Mummy Delver)                  Turns: 246, Time: 00:00:24

Health: 0/18       AC:  3    Str: 15    XL:     1   Next: 91%
Magic:  1/1        EV: 11    Int:  9    God:
Gold:   77         SH:  0    Dex: 13    Spells: 0/0 levels left

rFire   x . .      SeeInvis .    a - +0 falchion
rCold   + . .      Faith    +    (no shield)
rNeg    + + +      Spirit   .    b - +0 leather armour
rPois   ∞          Reflect  .    (no helmet)
rElec   .          Harm     .    (no cloak)
rCorr   .          Rampage  .    (no gloves)
Will    .....                    (no boots)
Stlth   ++........               (no amulet)
HPRegen 0.23/turn                (no ring)
MPRegen 0.07/turn                (no ring)

@: no status effects
A: cold resistance 1, negative energy resistance 3, torment resistance 2, heat
vulnerability 1, no potions, faith
a: no special abilities


You were on level 2 of the Dungeon.
You visited 1 branch of the dungeon, and saw 4 of its levels.

You collected 77 gold pieces.

Inventory:

Hand Weapons
 a - a +0 falchion (weapon)
Armour
 b - a +0 leather armour (worn)
Wands
 f - a wand of digging (3)
Scrolls
 c - a scroll of fog
 d - a scroll of magic mapping
 e - a scroll of fear
 g - a scroll of poison {unknown}
 h - 3 scrolls of identify {unknown}
 i - a scroll of enchant weapon {unknown}


   Skills:
 + Level 3.1 Fighting
 * Level 1.8 Long Blades
 * Level 1.8 Dodging
 - Level 4.1 Stealth


You couldn't memorise any spells.
You didn't know any spells.
Your spell library was empty.

Dungeon Overview and Level Annotations

Branches:
Dungeon (5/15) Zot: 23749
 Temple: D:4-7

Altars:

Annotations:
D:4 exclusion: iguana
D:5 exclusion: orc


Innate Abilities, Weirdness & Mutations

You are immune to poison.
Your flesh is cold resistant. (rC+)
You are immune to negative energy. (rN+++)
You are immune to unholy pain and torment.
You are vulnerable to heat. (rF-)
You do not drink.
You have a special connection with the divine. (Faith)


Message History

There are monsters nearby!
There are monsters nearby!
The helpless endoplasm fails to defend itself.
You hit the endoplasm.
The endoplasm is heavily wounded.
A ball python comes into view.
The endoplasm hits you.
The ball python hisses angrily.
You slash the endoplasm!
You kill the endoplasm!
The goblin shouts!
You hear a bark!
A jackal comes into view.
The goblin unwields a +1 dagger of draining.
The goblin wields a +0 sling.
The goblin shoots a sling bullet.
The sling bullet closely misses you.
A jackal comes into view.
The goblin unwields a +0 sling.
The goblin wields a +1 dagger of draining.
You sense an unholy aura.
The goblin hits you with a +1 dagger of draining.
You closely miss the goblin. The ball python barely misses you. x2
The goblin hits you but does no damage.
The jackal barks!
You hit the goblin.
You kill the goblin!
The ball python barely misses you. x2
A jackal comes into view.
A quokka comes into view.
The jackal barks!
You hit the ball python.
You kill the ball python!
You hear a shout!
A dart slug comes into view.
You slash the jackal!
You kill the jackal!
You completely miss the quokka. The quokka completely misses you.
You barely miss the quokka.
The jackal bites you but does no damage.
The quokka misses you.
The jackal bites you but does no damage.
The quokka bites you.
You hit the quokka.
The quokka is severely wounded.
The jackal barely misses you. The quokka bites you.
You hit the quokka but do no damage.
The quokka is severely wounded.
The jackal barely misses you. The quokka bites you.
You are too injured to fight recklessly!
You are too injured to fight recklessly!
You are too injured to fight recklessly!
You are too injured to fight recklessly!
You are too injured to fight recklessly!
You are too injured to fight recklessly!
You are too injured to fight recklessly!
The quokka attacks as you move away! The quokka misses you.
The quokka closely misses you. The jackal closely misses you.
The jackal bites you. The quokka attacks as you move away!
The quokka barely misses you. The jackal bites you.
You hit the jackal.
The jackal is moderately wounded.
The jackal closely misses you.
You hit the jackal.
The jackal is almost dead.
The jackal bites you but does no damage.
The jackal bites you.
You miss the jackal.
The jackal is almost dead.
The jackal bites you.
You barely miss the jackal.
The jackal is almost dead.
The jackal bites you but does no damage.
The jackal barely misses you.
You barely miss the jackal.
The jackal is almost dead.
The jackal barely misses you. The jackal misses you.
You hit the jackal.
You kill the jackal!
The quokka bites you but does no damage.
You closely miss the quokka.
The quokka is severely wounded.
The quokka bites you.
* * * LOW HITPOINT WARNING * * *
You hit the quokka.
You kill the quokka!
You hit the jackal.
The jackal is severely wounded.
The jackal closely misses you. The jackal bites you.
* * * LOW HITPOINT WARNING * * *
You closely miss the jackal.
The jackal is severely wounded.
The jackal closely misses you. x2
You barely miss the jackal.
The jackal is severely wounded.
The jackal bites you.
* * * LOW HITPOINT WARNING * * *
You hit the jackal.
You kill the jackal!
The dart slug launches a dart at you. The slug dart hits you.
You die...

####### ###
#..@†w###.#
#.#.#.....###
#...#.).....###
###.##.†....>.#
#...h...#.........
###........##...##
#.######.# ### ...
#.# .... #.#


You could see a dart slug.

Vanquished Creatures
  An endoplasm (D:2)
  A goblin (D:2)
  3 jackals (D:2)
  A quokka (D:2)
  A ball python (D:2)
7 creatures vanquished.

Vanquished Creatures (others)
  A ball python (D:4)
1 creature vanquished.

Grand Total: 8 creatures vanquished

Notes
Turn   | Place    | Note
-------+----------+-------------------------------------------
     0 | D:5      | Flugkiller the Mummy Delver began the quest for the Orb.
     0 | D:5      | Reached XP level 1. HP: 18/18 MP: 1/1
    18 | D:5      | Noticed a necrophage
    98 | D:4      | Noticed an iguana
   246 | D:2      | Killed from afar by a dart slug

Illustrated notes

Levels and vault maps discovered:
D:2:      layout_basic, basic_altar, uniq_robin, uniq_crazy_yiuf_cottage
D:3:      layout_rooms, nemelex_dance_club_becter,
          wander_ebering_terrifying_dragon_lair
D:4:      layout_loops_ring, kennysheep_little_box,
          mainiacjoe_overflow_cross_hatched, elyvilon_altar_4,
          mainiacjoe_overflow_catwalk, minmay_temple_entry_glassed_door
D:5:      layout_basic

Action                   || total
-------------------------++-------
Melee: Falchion          ||    22
 Stab: Sleeping          ||     1
Armor: Leather armour    ||     6
Dodge: Dodged            ||    20

Table legend: (Time is in decaauts)
 A = Elapsed time spent in this place.
 B = Non-inter-level travel time spent in this place.
 C = Inter-level travel time spent in this place.
 D = Time resting spent in this place.
 E = Time spent auto-exploring this place.
 F = Levels seen in this place.
 G = Mean time per level.
                   A        B        C        D        E       F      G
               +--------+--------+--------+--------+--------+-----+--------+
         Total |    249 |    249 |      0 |      0 |    164 |   4 |   62.2 |
       Dungeon |    249 |    249 |      0 |      0 |    164 |   4 |   62.2 |
               +--------+--------+--------+--------+--------+-----+--------+

Top non-repeatable levels by time:
     D:4: 132 daAuts
     D:3: 54 daAuts
     D:2: 36 daAuts
     D:5: 26 daAuts
